 Dungeon Crawl Stone Soup version 0.18.1-48-g4cf74bf (webtiles) character file.

32 meme the Magician (level 3, 0/21 HPs)
             Began as an Octopode Wizard on July 8, 2016.
             Slain by a worker ant (6 damage)
             ... on level 2 of the Dungeon.
             The game lasted 00:19:51 (1054 turns).

meme the Magician (Octopode Wizard)                 Turns: 1054, Time: 00:19:52

Health: 0/21       AC:  1    Str:  6    XL:     3   Next: 27%
Magic:  0/8        EV: 11    Int: 20    God:    Xom [..*...]
Gold:   44         SH:  3    Dex: 11    Spells: 3 memorised, 3 levels left

rFire  . . .     SeeInvis .     g - +0 mace
rCold  . . .     Gourm    .     n - +0 buckler
rNeg   . . .     Faith    .     a - +0 hat
rPois  .         Spirit   .     (no amulet)
rElec  .         Dismiss  .     (no ring)
rCorr  .         Reflect  .     (no ring)
SustAt .         Harm     .     (no ring)
MR     .....                    (no ring)
Stlth  +++.......               (no ring)
                                (no ring)
                                (no ring)
                                (no ring)

@: lethally poisoned (0 -> -6), not resistant to hostile enchantments, fairly
stealthy
A: almost no armour, amphibious, 8 rings, constrict 8, camouflage 1, gelatinous
body 1
a: Renounce Religion


You were on level 2 of the Dungeon.
You worshipped Xom.
You were a toy of Xom.
You were not hungry.

You visited 1 branch of the dungeon, and saw 3 of its levels.

You collected 44 gold pieces.

Inventory:

Hand Weapons
 g - a +0 mace (weapon)
Missiles
 f - 17 stones (quivered)
Armour
 a - a +0 hat (worn)
 e - a +0 robe
 n - a +0 buckler (worn)
Scrolls
 o - a scroll of teleportation {unknown}
 p - a scroll of identify {unknown}
Potions
 d - a potion of ambrosia {unknown}
 j - 2 potions of lignification
 k - a potion of haste {unknown}
 m - a potion of curing {unknown}
Books
 b - a book of Minor Magic

   Spells                             Type                      Level
   a - Magic Dart                     Conjuration                  1
   b - Blink                          Translocation                2
   c - Call Imp                       Summoning                    2
   d - Repel Missiles                 Charms/Air                   2
   e - Slow                           Hexes                        2
   f - Conjure Flame                  Conjuration/Fire             3
   g - Mephitic Cloud                 Conjuration/Poison/Air       3
Comestibles
 h - a beef jerky
 i - a bread ration
 l - 2 meat rations


   Skills:
 + Level 2.4 Dodging
 + Level 2.9 Stealth
 + Level 3.6 Spellcasting
 + Level 1.4 Conjurations
   Level 1.0 Summonings
 + Level 1.0 Translocations


You had 3 spell levels left.
You knew the following spells:

 Your Spells              Type           Power        Failure   Level  Hunger
a - Magic Dart            Conj           #...         14%         1    None
b - Blink                 Tloc           N/A          28%         2    ##.....
c - Conjure Flame         Conj/Fire      #.......     54%         3    ###....


Dungeon Overview and Level Annotations

Branches:
Dungeon (3/15)

Altars:
Xom


Innate Abilities, Weirdness & Mutations

You cannot wear most types of armour.
You are amphibious.
You can wear up to eight rings at the same time.
You can use your tentacles to constrict eight enemies at once.
Your skin changes colour to match your surroundings (Stealth).
Your rubbery body absorbs attacks (AC +1).


Message History

You release your grip on the worker ant.
You feel sick. You block the jackal's attack. The worker ant barely misses you.
The jackal bites you.
You climb upwards.
You feel sick.
There is a stone staircase leading down here.
Drink which item? (? for menu, Esc to quit)
Okay, then.
Casting: Magic Dart
Confirm with . or Enter, or press ? or * to list all spells.
You blink.
The jackal misses you.
Casting: Blink
Confirm with . or Enter, or press ? or * to list all spells.
You don't have enough magic to cast that spell.
* * * LOW HITPOINT WARNING * * *
You feel sick. The jackal barely misses you.
Read which item? (? for menu, Esc to quit)
As you read the scroll labeled MEIGHE RICSA, it crumbles to dust.
The scroll dissolves into smoke.
It was a scroll of fog.
The jackal misses you. The worker ant bites you.
You die...

#..........# ### ######%....##
... #......# #####.. #####
#......# ...... ##.^.#####......#
. ##.#.>#########...............#
.##....#......§....#.....#.....>#
....#.........§§§§#......#......#
..............§§@§#........#....#
.....##.......§h#a#........#.####
..............§...#.#..#.........
....#.........#>###....#.....###)
..................####.#....## #.
....#.........###.# ..#....# #.
....#...........#.# ###÷#### #.
....#...........# # ###(# #.
#####...........# #...# ..


You could see a worker ant and a jackal.

Vanquished Creatures
  A worm (D:2)
  A dart slug (D:1)
  2 giant geckos (D:2)
  6 bats
  3 goblins
  3 hobgoblins
  3 giant newts
  2 kobolds (D:2)
  6 rats
27 creatures vanquished.

Notes
Turn   | Place    | Note
--------------------------------------------------------------
     0 | D:1      | meme the Octopode Wizard began the quest for the Orb.
     0 | D:1      | Reached XP level 1. HP: 11/11 MP: 4/4
   129 | D:1      | Found a shimmering altar of Xom.
   137 | D:1      | Became a worshipper of Xom of Chaos
   185 | D:1      | XOM: divination: magic mapping
   240 | D:1      | XOM: silly message
   250 | D:1      | Reached XP level 2. HP: 16/17 MP: 3/6
   386 | D:1      | XOM: divination: detect creatures
   613 | D:2      | Reached XP level 3. HP: 15/21 MP: 0/8
   688 | D:2      | Learned a level 2 spell: Blink
   692 | D:2      | Learned a level 3 spell: Conjure Flame
   764 | D:2      | XOM: smoke on damage
  1047 | D:3      | XOM is BORED!
  1047 | D:3      | XOM: noise
  1054 | D:2      | Slain by a worker ant

Action                   || total
-------------------------++-------
Melee: Unarmed           ||     4
       Mace              ||    28
       Constrict         ||     8
       Tentacles         ||     5
Throw: Stone             ||    13
 Cast: Magic Dart        ||    47
       Conjure Flame     ||     2
       Blink             ||     2
  Use: Potion            ||     2
       Scroll            ||     1
  Eat: Bread ration      ||     1
Armor: Skin              ||     8
Dodge: Dodged            ||    43
Block: Buckler           ||     3
